 Dungeon Crawl Stone Soup version 0.18-a0-1203-gbde16db (webtiles) character file.

24978 kae the Fencer (level 12, 0/116 HPs)
             Began as a Minotaur Chaos Knight on Jan 31, 2016.
             Slain by a spark wasp (3 damage)
             ... on level 2 of the Orcish Mines.
             The game lasted 00:30:05 (15631 turns).

kae the Fencer (Minotaur Chaos Knight)             Turns: 15631, Time: 00:30:05

Health: 0/116      AC: 13    Str: 21 (22) XL:     12   Next: 85%
Magic:  11/11      EV: 19    Int:  6 (9)  God:    Xom [*.....]
Gold:   750        SH:  0    Dex: 10      Spells: 0 memorised, 11 levels left

rFire  . . .     SeeInvis .     A - +1 great sword (drain)
rCold  . . .     Gourm    .     b - +3 leather armour
rNeg   . . .     Faith    .     (shield currently unavailable)
rPois  +         Spirit   .     (helmet restricted)
rElec  +         Dismiss  .     G - +0 cloak
rCorr  .         Reflect  .     K - +0 pair of gloves
SustAt .         Harm     .     L - +0 pair of boots
MR     +....                    e - amulet of regeneration
Stlth  +.........               y - +4 ring of evasion
                                O - ring of poison resistance

@: somewhat resistant to hostile enchantments, very unstealthy
A: retaliatory headbutt, hooves 1, horns 2, rugged brown scales 1, deterioration
1, magic resistance 1, sense surroundings 1, electricity resistance, wild magic
2
a: Renounce Religion


You were on level 2 of the Orcish Mines.
You worshipped Xom.
You were a special plaything of Xom.
You were very hungry.

You visited 3 branches of the dungeon, and saw 15 of its levels.
You also visited: Sewer and Ice Cave.

You collected 1419 gold pieces.
You spent 669 gold pieces at shops.

Inventory:

Hand Weapons
 a - a +1 falchion of chaos
 A - a +1 great sword of draining (weapon)
Armour
 b - a +3 leather armour (worn)
 G - a +0 cloak (worn)
 K - a +0 pair of gloves (worn)
 L - a +0 pair of boots (worn)
Jewellery
 d - an uncursed amulet of magic regeneration
 e - an amulet of regeneration (around neck)
 f - an uncursed ring of positive energy
 h - an uncursed ring of wizardry
 p - a +4 amulet of reflection
 y - a +4 ring of evasion (right hand)
 H - an uncursed ring of protection from cold {unknown}
 O - a ring of poison resistance (left hand)
 S - an uncursed ring of see invisible {unknown}
 U - a +3 ring of slaying {unknown}
Wands
 m - a wand of polymorph (16/24)
 B - a wand of draining (3/15)
 P - a wand of lightning (1/15)
Scrolls
 l - 10 scrolls of remove curse
 o - 2 scrolls of teleportation
 t - 5 scrolls of magic mapping
 D - 2 scrolls of enchant weapon
 F - 3 scrolls of enchant armour
 J - 2 scrolls of amnesia
 M - 2 scrolls of identify
 N - a scroll of fog {unknown}
 R - a scroll of summoning {unknown}
 T - a scroll of torment {unknown}
Potions
 i - 6 potions of flight
 j - 4 potions of resistance
 n - a potion of haste
 q - 5 potions of mutation
 r - 2 potions of cancellation
 u - 2 potions of heal wounds
 x - 2 potions of brilliance
 z - 2 potions of cure mutation
 I - a potion of beneficial mutation {unknown}
Books
 v - a book of Unlife

   Spells                             Type                      Level
   a - Recall                         Summoning/Translocation      3
   b - Animate Dead                   Necromancy                   4
   c - Control Undead                 Necromancy                   4
   d - Cigotuvi's Embrace             Necromancy                   5
   e - Death Channel                  Necromancy                   6
   f - Simulacrum                     Ice/Necromancy               6
 w - a book of Burglary

   Spells                             Type                      Level
   a - Swiftness                      Charms/Air                   2
   b - Passwall                       Transmutation/Earth          3
   c - Passage of Golubria            Translocation                4
   d - Lee's Rapid Deconstruction     Earth                        5
   e - Darkness                       Hexes                        6
   f - Invisibility                   Hexes                        6
 Q - a book of Dreams

   Spells                             Type                      Level
   a - Ensorcelled Hibernation        Hexes/Ice                    2
   b - Phase Shift                    Translocation                5
   c - Silence                        Hexes/Air                    5
   d - Darkness                       Hexes                        6
   e - Mass Confusion                 Hexes                        6
   f - Shadow Creatures               Summoning                    6
Miscellaneous
 C - a piece from Xom's chessboard
Comestibles
 c - 13 bread rations
 g - 6 meat rations
 k - 3 beef jerkies
 s - a royal jelly
 E - 3 fruits


   Skills:
 - Level 12.5 Fighting
 + Level 16.8 Long Blades
 - Level 12.0 Armour
 - Level 8.5 Dodging


You had 11 spell levels left.
You didn't know any spells.

Dungeon Overview and Level Annotations

Branches:
Dungeon (11/15)            Temple (0/1) D:5            Lair (2/8) D:9
    Orc (2/2) D:11            Elf (0/3) Orc:2

Altars:
Fedhas
Gozag
Kikubaaqudgha
Pakellas
Ru
Xom
Yredelemnul
Zin
The Shining One

Shops:
D:4 !:==   D:5 (   D:9 *   D:11 *[}   Orc:2 ::(


Innate Abilities, Weirdness & Mutations

You reflexively headbutt those who attack you in melee.
You have a pair of horns on your head.
You have large cloven feet.
You are partially covered in rugged brown scales (AC +1, +3% HP).
Your body sometimes deteriorates upon taking damage.
You are resistant to hostile enchantments.
You passively map a small area around you.
You are resistant to electric shocks.
Your spells are harder to cast, but more powerful.


Message History

You feel less in control of your magic.
Things that are here:
a hand axe of electrocution; 2 chunks of flesh The orc high priest utters an invocation to Beogh.
The neqoxec disappears in a puff of smoke!
Things that are here:
a mace; a chain mail; an orc corpse "Hum-dee-hum-dee-hum..."
The orc high priest evaporates and reforms as a spark wasp!
The spark wasp bursts into living lightning!
The living lightning misses you.
The spark wasp blinks!
The spark wasp stings you. The spark wasp shocks you. You resist.
* * * LOW HITPOINT WARNING * * *
The soul eater draws from the surrounding life force!
* * * LOW HITPOINT WARNING * * *
The spark wasp stings you!
* * * LOW HITPOINT WARNING * * *
The spark wasp shocks you. You resist.
You die...
Xom chortles!

##.## ##.).#.## ##...... #...#
##.33#### ###### ###....
#..####...4.## #####.##.## #....
...# #....o..###.#....#..## ##...
..#####.....)##...........# ##...
####.#........##..........###)...
.....).....†...............)))...
..........#....4...........).....
..)......##.....@[.###.#).......#
..))...#####...)y)<.#####........
..)....####......).#####.........
..#.....#........................
..##...........#.................
..##....)......##..........#.....
#####.##...##.####.......####....
# ####..##### #.......# ##... #
#....# ##..##### ###.


You could see a spark wasp, a soul eater, an orc high priest, a hellwing, a rust
devil and a smoke demon.

Vanquished Creatures
  An ettin (Orc:1)
  A hydra (Lair:1)
  2 orc high priests (Orc:2)
  An orc knight (Orc:2)
  The ghost of Kidiri the Magician, a novice DECj of Sif Muna (D:8)
  A wolf spider (D:11)
  An orc sorcerer (Orc:2)
  An ice statue (IceCv)
  5 spiny frogs
  A komodo dragon (Lair:1)
  A jumping spider (Lair:1)
  Grinder (D:3)
  4 trolls
  11 polar bears (IceCv)
  A spriggan (D:11)
  16 yaks
  A basilisk (Lair:1)
  4 hippogriffs
  A mottled dragon (D:6)
  A hungry ghost (D:10)
  12 wolves
  A swamp worm (shapeshifter) (D:11)
  3 wargs (Orc:1)
  A mottled dragon (shapeshifter) (IceCv)
  A water moccasin (Lair:1)
  Duvessa (D:7)
  12 orc warriors
  4 porcupines
  3 necrophages
  An eye of draining (D:8)
  A phantom (D:4)
  4 black bears
  3 ogres
  7 centaurs
  4 crocodiles
  4 big kobolds
  15 giant frogs
  Dowan (D:7)
  2 scorpions
  5 killer bees (D:10)
  3 wights (D:8)
  4 electric eels (D:9)
  A giant frog zombie (D:11)
  A centaur zombie (D:5)
  4 crimson imps
  4 quasits
  15 orc priests
  10 hounds
  6 giant frog skeletons
  A gnoll shaman (D:6)
  Jessica (D:3)
  7 iguanas
  16 orc wizards
  10 worker ants
  A killer bee zombie (D:10)
  2 hound skeletons
  10 gnolls
  11 adders
  11 river rats
  3 shadow imps
  12 white imps (Lair:1)
  A giant eyeball (D:2)
  An ooze (D:1)
  An adder skeleton (D:8)
  An adder zombie (D:8)
  5 worms
  5 giant geckos
  54 orcs
  6 ball pythons
  7 bats
  5 giant cockroaches
  12 goblins
  8 hobgoblins
  4 jackals
  A jackal (shapeshifter) (D:8)
  6 quokkas
  A giant gecko skeleton (D:6)
  A giant newt (D:1)
  16 kobolds
  15 rats
424 creatures vanquished.

Vanquished Creatures (collateral kills)
  A frost giant (IceCv)
  A yak (Lair:1)
  A hippogriff (D:7)
  A phantom (D:5)
  A gnoll (D:7)
  An orc (D:5)
6 creatures vanquished.

Vanquished Creatures (others)
  A cyclops (D:11)
  2 polar bears (IceCv)
  A wolf (IceCv)
  A giant frog zombie (D:8)
  An orc priest (Orc:2)
  A fulminant prism (D:8)
7 creatures vanquished.

Grand Total: 437 creatures vanquished

Notes
Turn   | Place    | Note
--------------------------------------------------------------
     0 | D:1      | kae the Minotaur Chaos Knight began the quest for the Orb.
     0 | D:1      | Reached XP level 1. HP: 19/19 MP: 0/0
    11 | D:1      | XOM: harmless Necr miscast
    46 | D:1      | XOM: colour smoke trail
    55 | D:1      | Reached skill level 4 in Long Blades
    78 | D:1      | XOM: swap monsters
   104 | D:1      | Reached XP level 2. HP: 26/26 MP: 1/1
   267 | D:1      | XOM: give mutation
   267 | D:1      | Gained mutation: You passively map a small area around you. [Xom's grace]
   301 | D:1      | XOM: noise
   585 | D:1      | XOM: summons friendly ufetubus
   738 | D:1      | Reached skill level 5 in Long Blades
   862 | D:2      | Reached XP level 3. HP: 31/31 MP: 2/2
   879 | D:2      | Found a blossoming altar of Fedhas.
   936 | D:2      | Noticed Sigmund
   939 | D:2      | XOM: smoke on damage
   940 | D:2      | XOM: potion effect (brilliance)
   943 | D:2      | HP: 1/31 [Sigmund/scythe (14)]
   950 | D:2      | HP: 1/31 [bat (1)]
  1257 | D:2      | XOM: harmless Ice miscast
  1272 | D:2      | Noticed Sigmund
  1272 | D:2      | Sigmund changed into Sigmund the giant eyeball
  1272 | D:2      | XOM: polymorph Sigmund -> Sigmund the giant eyeball
  1274 | D:2      | Paralysed by Sigmund for 3 turns
  1283 | D:2      | Paralysed by Sigmund for 4 turns
  1288 | D:2      | Killed Sigmund the giant eyeball
  1432 | D:2      | XOM: vitrification
  1472 | D:2      | XOM: 7-stop teleportation journey
  1527 | D:2      | XOM: divination: detect creatures
  1795 | D:2      | XOM: god gift: 8 bolts of penetration
  1825 | D:2      | XOM: colour smoke trail
  1966 | D:2      | XOM: colour smoke trail
  1996 | D:2      | XOM is BORED!
  1996 | D:2      | XOM: noise
  2034 | D:3      | XOM: silly message
  2037 | D:3      | Found an opulent altar of Gozag.
  2037 | D:3      | XOM: 1-stop teleportation journey
  2104 | D:3      | Reached XP level 4. HP: 5/39 MP: 3/3
  2109 | D:3      | XOM: blink monster(s)
  2112 | D:3      | Reached skill level 6 in Long Blades
  2258 | D:3      | XOM: give mutations
  2258 | D:3      | Gained mutation: Your body sometimes deteriorates upon taking damage. [Xom's mischief]
  2258 | D:3      | Gained mutation: You are frail (-10% HP). [Xom's mischief]
  2504 | D:3      | XOM: give mutation
  2504 | D:3      | Gained mutation: You are very frail (-20% HP). [Xom's mischief]
  2675 | D:3      | Noticed Grinder
  2675 | D:3      | XOM: potion effect (haste)
  2680 | D:3      | XOM: potion effect (haste)
  2696 | D:3      | Paralysed by Grinder for 2 turns
  2701 | D:3      | Killed Grinder
  2701 | D:3      | Reached skill level 8 in Long Blades
  2701 | D:3      | Reached XP level 5. HP: 26/36 MP: 4/4
  2701 | D:3      | Reached XP level 6. HP: 28/40 MP: 5/5
  2831 | D:3      | XOM: harmless Divn miscast
  2906 | D:3      | Noticed Jessica
  2916 | D:3      | Killed Jessica
  2916 | D:3      | Reached skill level 9 in Long Blades
  2926 | D:3      | Found a basalt altar of Yredelemnul.
  2987 | D:3      | XOM: swap monsters
  3004 | D:3      | XOM: fake destruction
  3280 | D:4      | Found Qenniho's Book Boutique.
  3293 | D:4      | Found Geituj Utyal's Jewellery Boutique.
  3366 | D:4      | Found Jiredierr's Jewellery Emporium.
  3466 | D:4      | Reached XP level 7. HP: 19/45 MP: 6/6
  3527 | D:4      | Found an ancient bone altar of Kikubaaqudgha.
  3541 | D:4      | XOM: divination: magic mapping
  3556 | D:4      | Reached skill level 10 in Long Blades
  3776 | D:4      | Found Gukus's Distillery.
  3785 | D:4      | Bought a potion of heal wounds for 65 gold pieces
  3785 | D:4      | Bought a potion of curing for 39 gold pieces
  3785 | D:4      | Bought a potion of poison for 13 gold pieces
  3785 | D:4      | Bought a potion of mutation for 32 gold pieces
  4162 | D:5      | Entered Level 5 of the Dungeon
  4198 | D:5      | Found Rodoh's Weapon Shop.
  4215 | D:5      | Found a staircase to the Ecumenical Temple.
  4215 | D:5      | XOM: 3-stop teleportation journey
  4318 | D:5      | Reached skill level 11 in Long Blades
  4579 | D:5      | Found an ancient bone altar of Kikubaaqudgha.
  4579 | D:5      | Found a sacrificial altar of Ru.
  4610 | D:5      | XOM: divination: detect creatures
  4700 | D:6      | Reached XP level 8. HP: 23/51 MP: 7/7
  4925 | D:6      | XOM: harmless Hex miscast
  4927 | D:6      | Found a glowing drain.
  4952 | Sewer    | Entered a sewer
  5016 | Sewer    | Reached skill level 12 in Long Blades
  5032 | Sewer    | Found a white marble altar of Elyvilon.
  5144 | D:6      | XOM: enchant monster (good)
  5210 | D:6      | XOM: harmless Air miscast
  5228 | D:6      | XOM: butterfly on damage
  5371 | D:6      | Reached skill level 13 in Long Blades
  5457 | D:6      | XOM: smoke on damage
  5595 | D:6      | Found a glowing golden altar of the Shining One.
  5687 | D:7      | XOM: mild Summ miscast
  5804 | D:7      | Found a glowing silver altar of Zin.
  5836 | D:7      | XOM: summons friendly white imp
  5842 | D:7      | Reached XP level 9. HP: 47/56 MP: 8/8
  5857 | D:7      | Reached skill level 14 in Long Blades
  5950 | D:7      | Noticed Dowan
  5958 | D:7      | Killed Dowan
  5964 | D:7      | Noticed Duvessa
  5985 | D:7      | XOM: potion effect (invisibility)
  6052 | D:7      | XOM: potion effect (berserk rage)
  6057 | D:7      | Killed Duvessa
  6063 | D:7      | Reached skill level 5 in Fighting
  6073 | D:7      | XOM: potion effect (invisibility)
  6259 | D:7      | XOM: noise
  6312 | D:7      | XOM: enchant monster (bad)
  6351 | D:7      | XOM: enchant monster (bad)
  6357 | D:7      | XOM: summons 1 hostile demon
  6612 | D:7      | XOM: harmless Air miscast
  6621 | D:7      | XOM: mild Summ miscast
  6682 | D:8      | XOM: give mutations
  6682 | D:8      | Gained mutation: You are partially covered in rugged brown scales (AC +1, +3% HP). [Xom's grace]
  6682 | D:8      | Lost mutation: You are very frail (-20% HP). [Xom's grace]
  6682 | D:8      | Gained mutation: You have large cloven feet. [Xom's grace]
  6759 | D:8      | Noticed Kidiri's ghost (novice DECj)
  6761 | D:8      | XOM: smoke on damage
  7040 | D:8      | Killed Kidiri's ghost
  7152 | D:8      | XOM: 1-stop teleportation journey
  7412 | D:8      | Reached skill level 10 in Fighting
  7432 | D:8      | XOM: 3-stop teleportation journey
  7512 | D:8      | Reached XP level 10. HP: 70/86 MP: 9/9
  7658 | D:8      | XOM: give mutations
  7658 | D:8      | Gained mutation: You are resistant to electric shocks. [Xom's grace]
  7658 | D:8      | Gained mutation: Your spells are a little harder to cast, but a little more powerful. [Xom's grace]
  7658 | D:8      | Gained mutation: You are resistant to hostile enchantments. [Xom's grace]
  7658 | D:8      | Lost mutation: You are frail (-10% HP). [Xom's grace]
  7840 | D:9      | XOM: divination: detect items
  7845 | D:9      | XOM: enchant monster (good)
  7878 | D:9      | Found a staircase to the Lair.
  7901 | D:9      | XOM: potion effect (haste)
  7989 | D:9      | XOM: swap monsters
  8004 | D:9      | Found a glowing silver altar of Zin.
  8004 | D:9      | Found Adwin's Hallowed Reliquary.
  8006 | D:9      | Noticed an angel
  8492 | D:9      | Found a basalt altar of Yredelemnul.
  8652 | D:9      | Found an oddly glowing altar of Pakellas.
  8731 | D:10     | Entered Level 10 of the Dungeon
  9102 | D:10     | XOM: 4-stop teleportation journey
  9427 | D:10     | XOM: divination: detect creatures
  9572 | D:11     | Found Icutocw's General Store.
  9577 | D:11     | Bought an uncursed ring of poison resistance for 280 gold pieces
  9624 | D:11     | Found Ulez's Armour Shoppe.
  9634 | D:11     | XOM: scenery: create altars
  9650 | D:11     | XOM: summons 5 hostile demons
  9651 | D:11     | Reached skill level 5 in Armour
  9653 | D:11     | Noticed an orange demon
  9653 | D:11     | an ice devil changed into an orange demon
  9662 | D:11     | XOM: harmless Air miscast
  9691 | D:11     | XOM: summons 5 hostile demons
  9853 | D:11     | XOM: noise
  9940 | D:11     | XOM: 1-stop teleportation journey
  9981 | D:11     | Noticed a hill giant
  9983 | D:11     | Noticed a wolf spider
  9983 | D:11     | a hill giant changed into a wolf spider
 10087 | D:11     | Noticed a cyclops
 10091 | D:11     | Noticed a hill giant
 10102 | D:11     | a hill giant changed into a swamp worm
 10197 | D:11     | XOM: god gift: plate armour {god gift}
 10208 | D:11     | Banished a cyclops
 10511 | D:11     | Found a staircase to the Orcish Mines.
 10598 | D:11     | Found Uppeluleunt's Gadget Shop.
 10674 | D:11     | XOM: mild Chrm miscast
 10705 | D:11     | XOM: noise
 10711 | D:11     | Bought a piece from Xom's chessboard for 240 gold pieces
 10851 | D:11     | Killed a wolf spider
 10851 | D:11     | Reached XP level 11. HP: 54/108 MP: 10/10
 11183 | Lair:1   | Entered Level 1 of the Lair of Beasts
 11228 | Lair:1   | XOM: noise
 11233 | Lair:1   | XOM: cast spell 'Call Canine Familiar'
 11236 | Lair:1   | XOM: enchant monster (bad)
 11238 | Lair:1   | XOM: harmless Tloc miscast
 11242 | Lair:1   | XOM: divination: detect creatures
 11250 | Lair:1   | XOM: divination: magic mapping
 11346 | Lair:1   | XOM: mild Conj miscast
 11509 | Lair:1   | XOM: enchant monster (good)
 11519 | Lair:1   | Reached skill level 10 in Armour
 11557 | Lair:1   | Found a frozen archway.
 11567 | Lair:1   | XOM: confuse monster(s)
 11584 | IceCv    | Entered an ice cave
 11592 | IceCv    | XOM: confuse monster(s)
 11608 | IceCv    | XOM: summons 2 friendly demons
 11629 | IceCv    | HP: 5/108 [polar bear (15)]
 11629 | IceCv    | HP: 2/108 [polar bear (3)]
 11636 | IceCv    | XOM: swap monsters
 11684 | IceCv    | XOM: harmless Air miscast
 11773 | IceCv    | XOM: summons 5 friendly demons
 11974 | IceCv    | XOM: confuse monster(s)
 11978 | IceCv    | XOM: 1-stop teleportation journey
 12063 | IceCv    | XOM: 3-stop teleportation journey
 12114 | IceCv    | Noticed a frost giant
 12133 | IceCv    | XOM: enchant monster (good)
 12154 | IceCv    | HP: 5/108 [yak (5)]
 12159 | IceCv    | HP: 3/108 [yak (4)]
 12312 | IceCv    | XOM: colour smoke trail
 12328 | IceCv    | XOM: confuse monster(s)
 12335 | IceCv    | XOM: summons 11 friendly demons
 12339 | IceCv    | Killed a frost giant
 12600 | IceCv    | XOM: divine lightning
 12602 | IceCv    | XOM: fog
 12627 | IceCv    | Reached XP level 12. HP: 65/116 MP: 11/11
 12716 | IceCv    | XOM: smoke on damage
 12756 | IceCv    | XOM: swap monsters
 12765 | IceCv    | XOM: potion effect (invisibility)
 12860 | IceCv    | XOM: vitrification
 13328 | Lair:1   | Noticed a four-headed hydra
 13335 | Lair:1   | XOM: divination: magic mapping
 13337 | Lair:1   | Killed a seven-headed hydra
 13511 | Lair:1   | XOM: fog
 13512 | Lair:1   | XOM: potion effect (haste)
 13815 | Lair:1   | You fall through a shaft!
 13828 | Lair:2   | XOM: cast spell 'Cause Fear'
 14145 | Lair:2   | Reached skill level 15 in Long Blades
 14178 | Lair:2   | XOM: silly message
 14628 | Orc:1    | Entered Level 1 of the Orcish Mines
 14710 | Orc:1    | XOM: silly message
 14828 | Orc:1    | Noticed an ettin
 14842 | Orc:1    | Killed an ettin
 15080 | Orc:2    | Entered Level 2 of the Orcish Mines
 15140 | Orc:2    | Found a staircase to the Elven Halls.
 15160 | Orc:2    | Reached skill level 16 in Long Blades
 15285 | Orc:2    | XOM: divination: detect creatures
 15349 | Orc:2    | Noticed an orc high priest
 15350 | Orc:2    | XOM: divination: detect items
 15364 | Orc:2    | XOM: confuse monster(s)
 15367 | Orc:2    | XOM: confuse monster(s)
 15373 | Orc:2    | Found Idicvif's Book Shoppe.
 15373 | Orc:2    | Found Pitydum's Weapon Emporium.
 15373 | Orc:2    | Found Gero's Book Shoppe.
 15373 | Orc:2    | XOM: 7-stop teleportation journey
 15521 | Orc:2    | Noticed an orc high priest
 15522 | Orc:2    | Killed an orc high priest
 15522 | Orc:2    | XOM: enchant monster (bad)
 15536 | Orc:2    | XOM: destruction
 15545 | Orc:2    | Killed an orc high priest
 15600 | Orc:2    | XOM: chaos upgrade
 15610 | Orc:2    | Noticed an orc high priest
 15613 | Orc:2    | Noticed an orc high priest
 15613 | Orc:2    | XOM: confusion
 15621 | Orc:2    | Gained mutation: Your spells are harder to cast, but more powerful. [a neqoxec]
 15627 | Orc:2    | Noticed a spark wasp
 15627 | Orc:2    | an orc high priest changed into a spark wasp
 15627 | Orc:2    | XOM: polymorph orc high priest -> spark wasp
 15631 | Orc:2    | HP: 3/116 [spark wasp (17)]
 15631 | Orc:2    | Slain by a spark wasp

Vault maps used:
D:1:      onia_arrival_larder, st_stairs_10
D:2:      nicolae_overflow_crystal_walls, serial_co_window_serial,
          co_window_of_opportunity_a, co_window_paths_a, co_window_paths_a,
          co_window_corner_a, co_window_paths_a, co_window_2corner,
          co_window_broadway_c, co_window_of_opportunity_c,
          co_window_unsneaky_path_e, co_window_unsneaky_path_e, glass_columns_a,
          glass_columns_b, uniq_sigmund
D:3:      lemuel_round_altar, grunt_gozag_statues, kennysheep_decorative_pillar,
          uniq_jessica, uniq_grinder
D:4:      serial_shops, nicolae_shop_statue_plus, shop, shop, shop,
          minivault_25, lemuel_tele_altar
D:5:      gammafunk_temple_overflow_elements, minmay_temple_entry_grid,
          first_bread, serial_shops, nicolae_shop_behind_doors,
          kennysheep_generic_room_14
D:6:      nicolae_overflow_hidden_temple, portal_sewer_entry_c,
          chequers_ossuary_entry_cave
D:7:      zin_treasury, uniq_duvessa
D:9:      overflow_temple_1_default, erik_lair_island, basic_altar,
          nicolae_good_shop
D:11:     orc_0_dummy, serial_shops, nicolae_shop_waterfront,
          nicolae_shop_trees, shop, the_bakery
Lair:1:   portal_ice_cave_entry_imps
Lair:2:   fungi_pond_lemuel
Orc:1:    okawaru_metal_pillars_1_2
Orc:2:    st_orc_mages, uniq_josephine
Sewer:    sewer_kobolds
IceCv:    ice_cave_small_giant

Action                   |  1- 3 |  4- 6 |  7- 9 | 10-12 || total
-------------------------+-------+-------+-------+-------++-------
Melee: Falchion          |    94 |   139 |   420 |   550 ||  1203
       Unarmed           |     7 |       |       |       ||     7
       Great sword       |       |       |       |   363 ||   363
Evoke: Wand              |       |       |     4 |     9 ||    13
       Piece from Xom's  |       |       |       |     1 ||     1
  Use: Scroll            |     6 |     4 |     8 |     6 ||    24
       Potion            |       |       |     5 |    13 ||    18
 Stab: Confused          |       |     4 |       |     7 ||    11
       Petrifying        |       |       |     1 |     2 ||     3
       Paralysed         |       |       |     5 |     1 ||     6
       Invisible         |       |       |     1 |     4 ||     5
  Eat: Chunk             |     4 |     4 |    13 |    27 ||    48
       Pizza             |       |       |     1 |       ||     1
